Map: New Gettysburg LE

Players

PiLiPiLi

  • Race: Protoss Protoss

Neeb - Winner!

  • Race: Protoss Protoss

Event: 2016 WCS Summer Circuit Championship (DH Montreal)

VOD

Have the link to the VOD?

Description

Time

  • Played on: Aug. 12, 2016, 9:38 p.m.
  • Length: 8:34

All games in this series

Show
View Real Time Build Order
Export as new Build Order

PiLiPiLi Protoss 

Build Orders:  

Get SALT Encoding   

  12  0:01  Probe (Chrono Boost)  
  13  0:12  Probe (Chrono Boost)  
  14  0:18  Pylon  
  14  0:22  Probe (Chrono Boost)  
  15  0:36  Gateway  
  15  0:37  Probe (Chrono Boost)  
  16  0:44  Assimilator  
  16  0:47  Probe (Chrono Boost)  
  17  0:52  Assimilator  
  17  0:58  Probe (Chrono Boost)  
  18  1:04  Gateway  
  18  1:09  Probe (Chrono Boost)  
  19  1:19  Probe (Chrono Boost)  
  19  1:25  Cybernetics Core  
  20  1:30  Probe (Chrono Boost)  
  21  1:35  Pylon  
  21  1:40  Probe (Chrono Boost)  
  22  1:50  Warp Gate  
  22  1:51  Probe (Chrono Boost)  
  23  2:02  Mothership Core (Chrono Boost)  
  23  2:03  Stalker  
  27  2:15  Stalker  
  29  2:19  Pylon  
  29  2:26  Probe (Chrono Boost)  
  31  2:38  Probe (Chrono Boost)  
  31  2:50  Nexus  
  31  2:54  Probe (Chrono Boost)  
  31  2:56  Sentry  
  36  2:58  Sentry  
  37  3:06  Probe (Chrono Boost)  
  33  3:19  Probe (Chrono Boost)  
  34  3:26  Robotics Facility  
  34  3:31  Probe (Chrono Boost)  
  36  3:43  Probe (Chrono Boost)  
  36  3:45  Pylon  
  34  3:54  Probe (Chrono Boost)  
  33  4:02  Probe (Chrono Boost)  
  34  4:04  Probe (Chrono Boost)  
  34  4:08  Stalker  
  34  4:09  Forge  
  37  4:11  Observer, Stalker  
  37  4:12  Probe (Chrono Boost)  
  37  4:17  Probe (Chrono Boost)  
  42  4:23  Probe (Chrono Boost)  
  43  4:29  Probe (Chrono Boost)  
  42  4:33  Probe (Chrono Boost), Protoss Ground Weapons Level 1  
  43  4:41  Probe (Chrono Boost)  
  43  4:44  Probe (Chrono Boost)  
  45  4:48  Stalker  
  41  5:02  Probe (Chrono Boost)  
  41  5:03  Probe (Chrono Boost)  
  41  5:05  Stalker  
  41  5:12  Probe (Chrono Boost)  
  41  5:14  Probe (Chrono Boost)  
  40  5:23  Probe (Chrono Boost)  
  40  5:24  Probe (Chrono Boost)  
  42  5:33  Probe (Chrono Boost)  
  44  5:36  Probe (Chrono Boost)  
  44  5:44  Probe (Chrono Boost)  
  44  5:48  Probe (Chrono Boost)  
  46  5:55  Probe (Chrono Boost)  
  47  5:59  Probe (Chrono Boost)  
  46  6:05  Probe (Chrono Boost)  
  46  6:09  Probe (Chrono Boost)  
  48  6:15  Nexus  
  48  6:16  Probe (Chrono Boost)  
  49  6:19  Pylon  
  49  6:20  Probe (Chrono Boost)  
  50  6:26  Probe (Chrono Boost)  
  50  6:28  Twilight Council  
  50  6:31  Probe (Chrono Boost)  
  52  6:36  Immortal  
  52  6:37  Probe (Chrono Boost)  
  57  6:41  Probe (Chrono Boost)  
  57  6:44  Gateway  
  58  6:51  Resonating Glaives  
  58  6:53  Gateway x2  
  58  6:56  Gateway  
  58  6:59  Probe (Chrono Boost)  
  60  7:01  Probe (Chrono Boost)  
  60  7:11  Probe (Chrono Boost)  
  60  7:13  Probe (Chrono Boost)  
  62  7:15  Adept x2  
  62  7:22  Immortal  
  70  7:26  Pylon  
  70  7:30  Pylon  
  70  7:39  Pylon  
  70  7:42  Assimilator  
  71  7:44  Probe (Chrono Boost)  
  71  7:45  Assimilator  
  71  7:47  Probe (Chrono Boost)  
  72  7:52  Stalker  
  72  8:04  Gateway  
  72  8:06  Gateway  
  72  8:08  Pylon  
  72  8:11  Adept  
  72  8:12  Adept x2  
Show
View Real Time Build Order
Export as new Build Order

Neeb Protoss - Winner!

Build Orders: Oracle Opening 

Get SALT Encoding   

  12  0:01  Probe (Chrono Boost)  
  13  0:11  Probe (Chrono Boost)  
  14  0:18  Pylon  
  14  0:22  Probe (Chrono Boost)  
  15  0:36  Probe (Chrono Boost)  
  15  0:37  Gateway  
  16  0:47  Probe (Chrono Boost)  
  16  0:48  Assimilator  
  17  0:53  Assimilator  
  17  0:57  Probe (Chrono Boost)  
  18  1:08  Probe (Chrono Boost), Gateway  
  20  1:18  Probe (Chrono Boost)  
  20  1:24  Cybernetics Core  
  20  1:29  Probe (Chrono Boost)  
  21  1:36  Pylon  
  21  1:39  Probe (Chrono Boost)  
  22  1:49  Warp Gate  
  22  1:50  Probe (Chrono Boost)  
  23  2:00  Probe (Chrono Boost)  
  24  2:02  Adept  
  24  2:05  Adept  
  28  2:13  Mothership Core (Chrono Boost)  
  30  2:20  Pylon  
  30  2:38  Adept x2  
  34  2:44  Stargate  
  32  3:13  Nexus  
  32  3:19  Probe (Chrono Boost)  
  35  3:23  Pylon  
  35  3:25  Oracle  
  33  3:31  Probe (Chrono Boost)  
  37  3:43  Probe (Chrono Boost)  
  38  3:55  Probe (Chrono Boost)  
  37  3:56  Oracle  
  37  4:00  Robotics Facility  
  40  4:07  Probe (Chrono Boost)  
  41  4:12  Adept x2  
  45  4:19  Probe (Chrono Boost)  
  47  4:31  Probe (Chrono Boost)  
  47  4:32  Probe (Chrono Boost)  
  48  4:40  Sentry x2, Pylon  
  48  4:43  Probe x2 (Chrono Boost)  
  52  4:54  Probe (Chrono Boost)  
  52  4:56  Probe (Chrono Boost)  
  50  5:04  Probe (Chrono Boost)  
  52  5:08  Probe (Chrono Boost)  
  52  5:13  Observer  
  50  5:15  Probe (Chrono Boost)  
  50  5:16  Sentry  
  50  5:20  Probe (Chrono Boost)  
  54  5:22  Nexus  
  54  5:24  Gateway  
  54  5:26  Probe (Chrono Boost), Twilight Council  
  55  5:32  Probe (Chrono Boost)  
  55  5:34  Pylon  
  55  5:35  Stalker  
  58  5:36  Probe (Chrono Boost)  
  58  5:40  Pylon  
  60  5:44  Probe (Chrono Boost)  
  60  5:46  Assimilator  
  60  5:47  Probe (Chrono Boost)  
  61  5:51  Immortal  
  66  5:57  Probe (Chrono Boost)  
  66  6:02  Resonating Glaives  
  66  6:05  Gateway  
  66  6:06  Gateway  
  66  6:16  Probe x2 (Chrono Boost)  
  68  6:19  Gateway  
  68  6:20  Gateway  
  68  6:30  Adept  
  68  6:31  Adept x2, Warp Prism  
  76  6:45  Probe (Chrono Boost)  
  79  6:47  Probe x2 (Chrono Boost)  
  79  6:49  Pylon x2  
  79  6:54  Adept x2  
  79  6:58  Adept  
  87  7:01  Probe (Chrono Boost)  
  87  7:03  Probe x2 (Chrono Boost)  
  88  7:09  Adept x2  
  95  7:17  Pylon  
  95  7:20  Adept x4  
  95  7:22  Adept  
  102  7:28  Observer  
  102  7:32  Pylon  
  103  7:38  Adept x2  
  103  7:40  Adept x2  
  103  7:41  Adept x2  
  103  7:42  Adept  
  117  8:01  Adept x6, Pylon  
  119  8:26  Adept  
  119  8:27  Adept x6  
Tags
 
Add a new tag
Caveats
  • Supply blocks, unpowered buildings, or Contaminate may cause inaccurate times.
  • Supply counts are checked every 10 seconds.